 Dungeon Crawl Stone Soup version 0.31.0-32-g396128a36d (webtiles) character file.

Game seed: 13498174621551099759

5108 TacoSundae the Grappler (level 10, -2/76 HPs)
             Began as a Gnoll Shapeshifter on Apr 14, 2024.
             Was a Priest of Nemelex Xobeh.
             Slain by a wyvern (12 damage)
             ... on level 9 of the Dungeon.
             The game lasted 00:23:54 (8154 turns).

TacoSundae the Grappler (Gnoll Shapeshifter)        Turns: 8154, Time: 00:23:55

Health: -2/76      AC:  7    Str: 18    XL:     10   Next: 57%
Magic:  18/18      EV: 12    Int: 10    God:    Nemelex Xobeh [***...]
Gold:   471        SH:  0    Dex: 11    Spells: 20/20 levels left

rFire   . . .        b - +2 spear (venom)
rCold   + + .        (no shield)
rNeg    . . .        C - +0 scale mail {rC+}
rPois   .            (helmet currently unavailable)
rElec   .            (cloak currently unavailable)
rCorr   .            (gloves currently unavailable)
SInv    .            (boots currently unavailable)
Will    .....        x - amulet of the acrobat
Stlth   ++           a - ring of protection from cold
HPRegen 0.32/turn    (no ring)
MPRegen 0.16/turn

%: acrobat
@: beast-form
A: beast (slay +4), fangs 1, strong nose, distributed training
a: Begin Untransformation, Renounce Religion, Draw Escape, Draw Destruction,
Draw Summoning, Triple Draw


You were on level 9 of the Dungeon.
You worshipped Nemelex Xobeh.
Nemelex Xobeh was most pleased with you.
You were a hulking beast.
You visited 2 branches of the dungeon, and saw 10 of its levels.

You collected 496 gold pieces.
You spent 25 gold pieces at shops.

Inventory:

Hand Weapons
 b - a +2 spear of venom (weapon)
Missiles
 q - a throwing net
 v - 21 poisoned darts (quivered)
Armour
 g - a +1 cloak
 o - a +0 helmet
 C - a +0 scale mail of cold resistance (worn)
Magical Staves
 h - a staff of air
Jewellery
 a - a ring of protection from cold (left hand)
 n - a +6 ring of intelligence
 x - an amulet of the acrobat (around neck)
 B - a ring of positive energy
Talismans
 c - a beast talisman
 d - a flux talisman
Wands
 j - a wand of iceblast (6)
 t - a wand of charming (21)
Scrolls
 i - a scroll of fog
 m - 4 scrolls of teleportation
 s - a scroll of enchant weapon
 u - 3 scrolls of amnesia
 y - 2 scrolls of identify
Potions
 e - 2 potions of haste
 f - a potion of mutation
 k - 5 potions of enlightenment
 l - 3 potions of curing
 p - a potion of brilliance
 r - a potion of heal wounds
 w - 4 potions of lignification
 z - a potion of might
 A - a potion of attraction


   Skills:
 + Level 6.2 Fighting
 + Level 5.6 Short Blades
 + Level 5.6 Long Blades
 + Level 5.6 Axes
 + Level 5.6 Maces & Flails
 + Level 5.6 Polearms
 + Level 5.6 Staves
 + Level 5.6 Ranged Weapons
 + Level 5.6 Throwing
 + Level 5.6 Armour
 + Level 7.3 Dodging
 + Level 5.6 Stealth
 + Level 5.6 Shields
 + Level 8.7 Unarmed Combat
 + Level 5.6 Spellcasting
 + Level 4.6 Conjurations
 + Level 4.6 Hexes
 + Level 4.6 Summonings
 + Level 4.6 Necromancy
 + Level 4.6 Translocations
 + Level 4.6 Fire Magic
 + Level 4.6 Ice Magic
 + Level 4.6 Air Magic
 + Level 4.6 Earth Magic
 + Level 4.6 Alchemy
 + Level 6.2 Invocations
 + Level 5.6 Evocations
 + Level 8.4 Shapeshifting


You had 20 spell levels left.
You didn't know any spells.
Your spell library contained the following spells:

 Spells                   Type           Power      Damage    Failure   Level
 Apportation              Tloc           24%        N/A       10%         1
 Kiss of Death            Conj/Necr      48%        2d9       10%         1
 Jinxbite                 Hex            24%        N/A       14%         2
 Sublimation of Blood     Necr           12%        N/A       14%         2
 Confusing Touch          Hex            12%        N/A       28%         3
 Hailstorm                Conj/Ice       12%        3d6       28%         3
 Summon Ice Beast         Ice/Summ       12%        N/A       28%         3
 Animate Armour           Summ/Erth      24%        N/A       67%         4
 Dispel Undead            Necr           12%        3d9       67%         4
 Petrify                  Alch/Erth      12%        N/A       67%         4
 Summon Lightning Spire   Summ/Air       12%        N/A       67%         4
 Vhi's Electric Charge    Tloc/Air       24%        N/A       67%         4
 Alistair's Intoxication  Alch           8%         N/A       95%         5
 Arcjolt                  Conj/Air       6%         1d16      95%         5
 Irradiate                Conj/Alch      6%         3d13      95%         5
 Lee's Rapid Deconstruct  Erth           6%         3d6*      95%         5
 Sculpt Simulacrum        Ice/Alch       6%         N/A       100%        6
 Maxwell's Capacitive Co  Air            6%         ∞         100%        8


Dungeon Overview and Level Annotations

Branches:
Dungeon (9/15)             Temple (1/1) D:4            Lair (0/5) D:9
    Orc: D:9-12

Altars:
Ashenzari
Cheibriados
Dithmenos
Elyvilon
Fedhas
Gozag
Hepliaklqana
Kikubaaqudgha
Makhleb
Nemelex Xobeh
Okawaru
Ru
Sif Muna
Trog
Uskayaw
Vehumet
Wu Jian
Yredelemnul
Zin

Shops:
D:1 *   D:3 *   D:4 *   D:7 :[=[(   D:9 (

Annotations:
D:4 2 transporters, 1 runed translucent door, Crazy Yiuf; frostburnice's ghost, weakling DsAl


Innate Abilities, Weirdness & Mutations

You are a hulking beast.
Your limbs bulge with bestial killing power. (Slay +4)
You have very sharp teeth.
Your uncanny sense of smell can sniff out nearby items.
Your experience applies equally to all skills.


Message History

You hit the wyvern but do no damage. The wyvern misses you.
You hit the wyvern.
The wyvern is moderately wounded.
The wyvern bites you.
You hit the wyvern but do no damage. Your bite misses the wyvern.
The wyvern is moderately wounded.
The wyvern bites you. The wyvern bites you!
You are too injured to fight recklessly!
You are too injured to fight recklessly!
You are too injured to fight recklessly!
You are too injured to fight recklessly!
You barely miss the wyvern. Your bite misses the wyvern.
The wyvern is moderately wounded.
The wyvern bites you!
You barely miss the wyvern.
The wyvern is moderately wounded.
The wyvern bites you.
* * * LOW HITPOINT WARNING * * *
You hit the wyvern.
The wyvern is moderately wounded.
The wyvern barely misses you.
You closely miss the wyvern. You punch the wyvern! You bite the wyvern.
The wyvern is almost dead.
The wyvern closely misses you. The wyvern bites you!
* * * LOW HITPOINT WARNING * * *
Your +2 spear of venom begins to drip with poison!
b - a +2 spear of venom (weapon)
You closely miss the wyvern.
The wyvern is severely wounded.
The wyvern bites you.
* * * LOW HITPOINT WARNING * * *
The wyvern closely misses you.
You hit the wyvern.
The wyvern is poisoned.
The wyvern is almost dead.
The wyvern bites you but does no damage.
You closely miss the wyvern. Your bite misses the wyvern.
The wyvern is almost dead.
The wyvern bites you!
You die...
Your body glows with a rainbow of weird colours and disappears.

#........##...#####. ..
#.......##......... ...
##...............#..
#..##...............##..
...............##.......
.......##...........)...
#.............#######)..
...<..k......#...≈.))#..
.#.##.h.......#...#....
##.......##PP.##...
#....)#..PP.P...#.
##....#≈..P>PP.≈#. .
##..#)#..P.PP...#.
..##..?#.).##...##...
.......#....#...#....
.......#..#...≈...#..
....<.†....#######...


You could see a wyvern (very poisoned).

Vanquished Creatures
  A centaur warrior (D:8)
  A gargoyle (D:8)
  A komodo dragon (D:8)
  A hornet (D:8)
  A wyvern (D:8)
  Sigmund (D:2)
  A steam dragon (D:9)
  Menkaure (D:4)
  A water moccasin (D:6)
  A sky beast (D:7)
  A laughing skull (D:8)
  2 orc warriors
  An ogre (D:3)
  4 centaurs
  2 kobold brigands
  2 scorpions
  2 bullfrogs
  4 wights (D:7)
  5 howler monkeys
  4 bombardier beetles
  2 quasits (D:6)
  3 hounds
  An orc priest (D:7)
  Ijyb (D:3)
  A sleepcap (D:7)
  Terence (D:2)
  3 iguanas
  Natasha (thrice) (D:2)
  3 orc wizards
  A gnoll (D:3)
  6 adders
  3 shadow imps
  2 white imps
  4 ufetubi
  4 dart slugs
  13 orcs
  8 ball pythons
  7 endoplasms
  2 giant cockroaches
  6 goblins
  4 hobgoblins
  6 jackals (D:3)
  5 quokkas
  2 bats (D:1)
  6 frilled lizards
  12 kobolds
  4 rats
150 creatures vanquished.

Vanquished Creatures (collateral kills)
  A catoblepas (D:8)
  An orc warrior (D:8)
  3 orcs (D:8)
5 creatures vanquished.

Vanquished Creatures (others)
  A sky beast (D:8)
1 creature vanquished.

Grand Total: 156 creatures vanquished

Notes
Turn   | Place    | Note
-------+----------+-------------------------------------------
     0 | D:1      | TacoSundae the Gnoll Shapeshifter began the quest for the
                  | Orb.
     0 | D:1      | Reached XP level 1. HP: 17/17 MP: 1/1
   205 | D:1      | Reached XP level 2. HP: 23/23 MP: 2/2
   205 | D:1      | You fall into a shaft and drop 1 floor!
   286 | D:2      | Noticed Terence
   291 | D:2      | Killed Terence
   292 | D:2      | Reached skill level 1 in Invocations
   292 | D:2      | Reached XP level 3. HP: 28/28 MP: 2/4
   326 | D:2      | Noticed Sigmund
   379 | D:1      | Found Soetted's Assorted Antiques.
   440 | D:1      | Reached skill level 1 in Short Blades
   440 | D:1      | Reached skill level 1 in Long Blades
   440 | D:1      | Reached skill level 1 in Axes
   440 | D:1      | Reached skill level 1 in Maces & Flails
   440 | D:1      | Reached skill level 1 in Polearms
   440 | D:1      | Reached skill level 1 in Staves
   440 | D:1      | Reached skill level 1 in Ranged Weapons
   440 | D:1      | Reached skill level 1 in Throwing
   440 | D:1      | Reached skill level 1 in Armour
   440 | D:1      | Reached skill level 1 in Stealth
   440 | D:1      | Reached skill level 1 in Shields
   440 | D:1      | Reached skill level 1 in Spellcasting
   440 | D:1      | Reached skill level 1 in Evocations
   463 | D:1      | Found a faded altar of an unknown god.
   589 | D:1      | Reached XP level 4. HP: 30/34 MP: 5/5
  1030 | D:2      | Killed Sigmund
  1031 | D:2      | Reached skill level 1 in Conjurations
  1031 | D:2      | Reached skill level 1 in Hexes
  1031 | D:2      | Reached skill level 1 in Summonings
  1031 | D:2      | Reached skill level 1 in Necromancy
  1031 | D:2      | Reached skill level 1 in Translocations
  1031 | D:2      | Reached skill level 1 in Fire Magic
  1031 | D:2      | Reached skill level 1 in Ice Magic
  1031 | D:2      | Reached skill level 1 in Air Magic
  1031 | D:2      | Reached skill level 1 in Earth Magic
  1031 | D:2      | Reached skill level 1 in Alchemy
  1031 | D:2      | Reached XP level 5. HP: 41/41 MP: 5/7
  1093 | D:2      | Noticed Natasha
  1117 | D:2      | Killed Natasha
  1118 | D:2      | Reached XP level 6. HP: 40/47 MP: 8/8
  1239 | D:2      | Noticed Natasha
  1246 | D:2      | Killed Natasha
  1247 | D:2      | Reached skill level 5 in Dodging
  1500 | D:2      | Noticed Natasha
  1506 | D:2      | Killed Natasha
  1714 | D:3      | Found Fangov's General Store.
  1946 | D:3      | Found a broken altar of Ashenzari.
  1946 | D:3      | Found a hide-covered altar of Uskayaw.
  1951 | D:3      | Found a shadowy altar of Dithmenos.
  1953 | D:3      | Found a radiant altar of Vehumet.
  2095 | D:3      | Reached XP level 7. HP: 52/52 MP: 10/10
  2105 | D:3      | Noticed Ijyb
  2117 | D:3      | Killed Ijyb
  2517 | D:3      | Found a glowing silver altar of Zin.
  2517 | D:3      | Found an opulent altar of Gozag.
  2607 | D:4      | Found Oxtar's Assorted Antiques.
  2616 | D:4      | Bought a scroll labelled DACAQYALIY for 25 gold pieces
  2721 | D:4      | Noticed Menkaure
  2729 | D:4      | Killed Menkaure
  2756 | D:4      | Noticed frostburnice's ghost (weakling DsAl)
  2757 | D:4      | Found a transporter.
  2761 | D:4      | Found a transporter.
  2801 | D:4      | Found a blossoming altar of Fedhas.
  2998 | D:4      | Found a staircase to the Ecumenical Temple.
  3005 | Temple   | Entered the Ecumenical Temple
  3083 | Temple   | Became a worshipper of Nemelex Xobeh the Trickster
  3175 | D:4      | Found a runed translucent door.
  3176 | D:4      | Noticed Crazy Yiuf
  3568 | D:5      | Entered Level 5 of the Dungeon
  4088 | D:5      | Reached XP level 8. HP: 60/60 MP: 12/12
  4405 | D:5      | Reached * piety under Nemelex Xobeh
  4717 | D:6      | Found a hazy altar of Hepliaklqana.
  4765 | D:6      | Received a gift from Nemelex Xobeh
  5010 | D:6      | Found an iron altar of Okawaru.
  5394 | D:7      | Found Lir Imo's Antique Weapon Emporium.
  5399 | D:7      | Received a gift from Nemelex Xobeh
  5399 | D:7      | Reached ** piety under Nemelex Xobeh
  5483 | D:7      | Found Kuopyphu's Armour Shop.
  5567 | D:7      | Found Inukhuuz's Antique Armour Emporium.
  5735 | D:7      | Reached XP level 9. HP: 66/66 MP: 14/14
  5754 | D:7      | Found Xovyan's Book Boutique.
  5797 | D:7      | Received a gift from Nemelex Xobeh
  5904 | D:7      | Reached skill level 5 in Fighting
  6338 | D:7      | Received a gift from Nemelex Xobeh
  6484 | D:7      | Found Wihim's Jewellery Shoppe.
  6574 | D:8      | Noticed a gargoyle
  6574 | D:8      | Reached *** piety under Nemelex Xobeh
  6601 | D:8      | Noticed a catoblepas
  6602 | D:8      | Noticed a centaur warrior
  6620 | D:8      | Killed a catoblepas
  6621 | D:8      | Reached skill level 5 in Invocations
  6646 | D:8      | Killed a centaur warrior
  6647 | D:8      | Reached skill level 5 in Short Blades
  6647 | D:8      | Reached skill level 5 in Long Blades
  6647 | D:8      | Reached skill level 5 in Axes
  6647 | D:8      | Reached skill level 5 in Maces & Flails
  6647 | D:8      | Reached skill level 5 in Polearms
  6647 | D:8      | Reached skill level 5 in Staves
  6647 | D:8      | Reached skill level 5 in Ranged Weapons
  6647 | D:8      | Reached skill level 5 in Throwing
  6647 | D:8      | Reached skill level 5 in Armour
  6647 | D:8      | Reached skill level 5 in Stealth
  6647 | D:8      | Reached skill level 5 in Shields
  6647 | D:8      | Reached skill level 5 in Spellcasting
  6647 | D:8      | Reached skill level 5 in Evocations
  6647 | D:8      | Reached XP level 10. HP: 10/76 MP: 15/17
  6903 | D:8      | Killed a gargoyle
  7585 | D:8      | Noticed Maggie
  7599 | D:8      | Maggie changed into Maggie the hound
  7599 | D:8      | Noticed Maggie
  7602 | D:8      | Killed Maggie the hound
  8004 | D:9      | Found a staircase to the Lair.
  8126 | D:9      | Found Cuskeuha's Weapon Shoppe.
  8154 | D:9      | Slain by a wyvern

Illustrated notes

Levels and vault maps discovered:
D:1:      wander_arrival_estate, layout_loops_cross, serial_shops,
          nicolae_shop_tiny_glass, shapermc_ecumenical_altar_mp_urbaneastern
D:2:      layout_basic, uniq_sigmund, uniq_terence, uniq_natasha
D:3:      layout_basic, grunt_temple_overflow_gold_and_silver,
          nicolae_overflow_macrodata_refinement, serial_shops, shop,
          st_stairs_2, uniq_ijyb
D:4:      layout_loops_ring, fedhas_altar_3, temple_green, serial_shops, shop,
          gammafunk_ghost_arena, uniq_menkaure, uniq_crazy_yiuf_cottage
D:5:      layout_basic, nicolae_houndstooth_variations
D:6:      layout_gridville, nicolae_hepliaklqana_hippocampus,
          kennysheep_okawaru_gauntlet, serial_demonic, serial_demonic_g,
          serial_demonic_f, serial_demonic_e, serial_demonic_e,
          grunt_ministairs_15
D:7:      layout_cave_pools, serial_shops, nicolae_shop_peninsula, shop,
          nicolae_shop_scrapyard, shop, kennysheep_mini_moat,
          serial_co_window_serial, co_window_paths_b, co_window_paths_a,
          co_window_of_opportunity_a, co_window_of_opportunity_a,
          co_window_paths_b, co_window_paths_c, co_window_of_opportunity_c,
          co_window_unsneaky_path_d, co_window_4corner_a, glass_columns_b
D:8:      layout_gridville, kb_rosetta, uniq_maggie
D:9:      layout_cave_pools, dpeg_oklobed_lair, enter_bailey_5, serial_shops,
          nicolae_take_the_stairs
Temple:   cyrus_temple_forest

Skill      XL: |  1  2  3  4  5  6  7  8  9 10 |
---------------+-------------------------------+-----
Invocations    | 1 2 3 4 5 6 |  6.2
Short Blades   | 1 2 3 5 |  5.6
Long Blades    | 1 2 3 5 |  5.6
Axes           | 1 2 3 5 |  5.6
Maces & Flails | 1 2 3 5 |  5.6
Polearms       | 1 2 3 5 |  5.6
Staves         | 1 2 3 5 |  5.6
Ranged Weapons | 1 2 3 5 |  5.6
Throwing       | 1 2 3 5 |  5.6
Armour         | 1 2 3 5 |  5.6
Stealth        | 1 2 3 5 |  5.6
Shields        | 1 2 3 5 |  5.6
Spellcasting   | 1 2 3 5 |  5.6
Evocations     | 1 2 3 5 |  5.6
Fighting       | 3 4 5 6 |  6.2
Conjurations   | 1 2 3 4 |  4.6
Hexes          | 1 2 3 4 |  4.6
Summonings     | 1 2 3 4 |  4.6
Necromancy     | 1 2 3 4 |  4.6
Translocations | 1 2 3 4 |  4.6
Fire Magic     | 1 2 3 4 |  4.6
Ice Magic      | 1 2 3 4 |  4.6
Air Magic      | 1 2 3 4 |  4.6
Earth Magic    | 1 2 3 4 |  4.6
Alchemy        | 1 2 3 4 |  4.6
Dodging        | 5 6 7 |  7.3
Unarmed Combat | 7 8 |  8.7
Shapeshifting  | 7 8 |  8.4

Action                     |  1- 3 |  4- 6 |  7- 9 | 10-12 || total
---------------------------+-------+-------+-------+-------++-------
  Melee: Unarmed           |    50 |    56 |    50 |    92 ||   248
         Bite              |     5 |    12 |    27 |    11 ||    55
         Punch             |     6 |     3 |     8 |    12 ||    29
         Spear             |       |    20 |   173 |    21 ||   214
  Throw: Dart              |       |       |       |     2 ||     2
 Invoke: Draw Destruction  |       |       |    11 |     5 ||    16
         Draw Summoning    |       |       |     1 |     1 ||     2
  Evoke: Wand              |       |     1 |       |       ||     1
    Use: Potion            |       |     1 |     3 |       ||     4
         Scroll            |       |       |    15 |     2 ||    17
   Stab: Sleeping          |       |     1 |     2 |       ||     3
         Distracted        |       |       |     1 |       ||     1
 Armour: Animal skin       |     3 |       |       |       ||     3
         Ring mail         |    13 |    29 |   140 |     7 ||   189
         Skin              |       |     6 |       |       ||     6
         Scale mail        |       |       |       |    53 ||    53
  Dodge: Dodged            |    23 |    39 |   138 |    69 ||   269
